Map: Catalyst LE

Players

Maru - Winner!

  • Race: Terran Terran
  • Spawn Location: 11:00

ShoWTimE

  • Race: Protoss Protoss
  • Spawn Location: 5:00

Event: WESG 2017 Haikou

VOD

Have the link to the VOD?

Description

Time

  • Played on: March 16, 2018, 6:17 a.m.
  • Length: 14:29

All games in this series

Show
View Real Time Build Order
Export as new Build Order

Maru Terran - Winner!

Build Orders: MMM Bio 

Get SALT Encoding   

  12  0:00  SCV  
  13  0:13  SCV  
  14  0:17  Supply Depot  
  14  0:25  SCV  
  15  0:29  Refinery  
  15  0:38  SCV  
  16  0:44  Barracks  
  16  0:50  SCV  
  17  1:03  SCV  
  18  1:15  SCV  
  19  1:30  Orbital Command  
  19  1:31  Marine, Factory  
  20  1:39  Supply Depot  
  20  1:49  Barracks Reactor  
  20  1:57  SCV  
  21  2:08  Command Center  
  21  2:12  SCV  
  22  2:24  SCV  
  22  2:29  Hellion x2  
  27  2:31  Supply Depot  
  27  2:34  Barracks Tech Lab  
  27  2:36  SCV  
  28  2:50  Hellion  
  30  2:52  SCV  
  30  2:53  Hellion  
  30  2:54  Stimpack  
  33  3:04  SCV  
  34  3:18  Barracks  
  34  3:19  Barracks  
  34  3:20  Factory Reactor  
  34  3:24  Orbital Command  
  34  3:26  SCV  
  35  3:29  Marine  
  36  3:36  Engineering Bay  
  36  3:39  SCV  
  37  3:42  Refinery  
  31  3:49  SCV  
  31  3:51  SCV  
  31  3:58  Bunker  
  31  4:02  SCV  
  32  4:03  SCV  
  32  4:05  Terran Infantry Weapons Level 1  
  32  4:06  Missile Turret  
  32  4:08  Marine x3  
  36  4:12  Marine  
  36  4:13  Marine  
  36  4:16  SCV  
  39  4:18  SCV  
  38  4:28  Marine x2  
  38  4:29  Marine  
  38  4:30  SCV  
  38  4:34  SCV  
  39  4:41  Factory Reactor, Starport  
  39  4:43  Marine  
  40  4:48  SCV  
  40  4:49  SCV  
  40  4:50  Marine  
  40  4:51  Marine  
  44  4:53  Marine  
  44  4:56  Combat Shields  
  45  5:02  Supply Depot  
  45  5:03  SCV  
  45  5:04  SCV  
  47  5:07  Marine  
  47  5:13  Marine x2  
  47  5:14  Marine x2  
  49  5:21  Supply Depot  
  51  5:22  SCV x2  
  51  5:26  Medivac x2  
  51  5:28  Marine  
  58  5:34  SCV x2  
  60  5:39  Supply Depot  
  60  5:41  Marine  
  61  5:46  SCV  
  61  5:48  SCV, Factory Reactor  
  63  5:50  Marine x3  
  63  5:52  Refinery  
  66  5:58  SCV  
  66  6:01  SCV  
  66  6:02  Terran Infantry Armor Level 1  
  68  6:10  SCV  
  69  6:12  Command Center  
  69  6:15  Medivac  
  69  6:16  SCV  
  72  6:19  Marine x2  
  72  6:20  Marine  
  72  6:22  SCV  
  72  6:25  Medivac  
  78  6:27  Marine  
  78  6:33  SCV  
  78  6:35  SCV  
  78  6:36  Widow Mine  
  78  6:37  Marine  
  78  6:38  Marine  
  76  6:45  SCV  
  76  6:46  Widow Mine  
  77  6:47  SCV  
  77  6:49  Marine x3  
  69  6:55  Marine  
  69  6:56  Marine  
  69  6:57  SCV  
  69  6:58  Widow Mine  
  69  6:59  SCV  
  69  7:00  Supply Depot  
  69  7:01  Barracks  
  75  7:02  Barracks  
  75  7:07  Concussive Shells  
  75  7:08  Refinery, Marauder  
  77  7:16  Marine  
  77  7:17  Marine x2, Medivac x2  
  77  7:18  Widow Mine  
  77  7:21  Marine  
  77  7:22  SCV x2  
  89  7:26  Ghost Academy  
  89  7:30  Orbital Command  
  89  7:33  Marauder  
  89  7:34  Widow Mine  
  93  7:39  Marine x3  
  96  7:50  Medivac  
  96  7:52  Barracks Tech Lab x2  
  96  7:55  Marauder, Marine, Supply Depot  
  96  7:56  Orbital Command  
  99  8:01  Widow Mine x2  
  99  8:04  Marine  
  104  8:06  SCV  
  104  8:07  SCV  
  104  8:10  Marine  
  104  8:11  Marauder  
  109  8:13  Supply Depot  
  109  8:17  Marauder, Supply Depot  
  109  8:18  Supply Depot  
  109  8:19  SCV x2  
  113  8:27  Armory  
  113  8:31  Ghost  
  113  8:32  Ghost  
  117  8:39  Ghost  
  117  8:40  Marine  
  120  8:44  Widow Mine  
  104  8:49  SCV  
  104  8:54  Marine x3  
  104  8:55  SCV x2  
  109  8:57  Widow Mine  
  109  8:58  Marine  
  109  9:00  Marauder, Ghost  
  109  9:01  SCV  
  111  9:06  Widow Mine  
  111  9:07  Marine  
  110  9:12  Marine  
  109  9:17  Marine x2  
  109  9:21  Marauder  
  109  9:22  Medivac  
  104  9:26  Marauder, Widow Mine  
  104  9:27  Marine, Widow Mine  
  104  9:30  Marauder, Marine  
  114  9:35  Marine x2  
  116  9:40  Terran Infantry Weapons Level 2  
  116  9:42  Missile Turret  
  116  9:43  Marauder  
  116  9:45  SCV, Marine  
  120  9:47  Marauder, Marine, Widow Mine  
  120  9:51  Marauder  
  127  9:56  Refinery, Marine x2  
  129  10:03  Marine  
  129  10:04  Marauder  
  129  10:05  Marine, Widow Mine  
  134  10:07  Supply Depot  
  134  10:09  Marauder, Widow Mine  
  134  10:12  Marauder  
  114  10:26  Marauder  
  88  10:29  Marine x3  
  88  10:30  Marauder  
  88  10:31  SCV  
  88  10:33  Widow Mine x2  
  88  10:34  Marauder, Marine, Medivac x2  
  83  10:47  Marauder, Marine x3  
  83  10:49  Barracks x2  
  88  10:50  Barracks  
  88  10:52  Orbital Command  
  88  10:56  Ghost x2  
  90  10:57  Marine  
  90  11:01  Widow Mine x2  
  95  11:05  Medivac  
  95  11:06  Marine  
  95  11:07  Marine  
  95  11:08  Marine  
  100  11:13  Medivac  
  100  11:16  Marauder  
  104  11:20  Orbital Command  
  104  11:21  SCV x2  
  104  11:25  Widow Mine x2  
  110  11:27  Marauder, Marine  
  110  11:30  Marine  
  110  11:31  Marine  
  113  11:40  Marauder x2, Marine  
  113  11:44  Orbital Command  
  113  11:45  Marine  
  114  11:48  Widow Mine  
  114  11:49  Widow Mine  
  94  11:55  Marine  
  94  11:56  Marauder  
  94  11:59  Marine x2  
  86  12:02  Marauder x2  
  86  12:03  Medivac  
  91  12:10  Widow Mine  
  91  12:12  Marine  
  91  12:14  Marine  
  89  12:17  Marauder  
  91  12:24  Widow Mine, Medivac  
  91  12:25  Marine  
  94  12:31  Marine, Widow Mine  
  94  12:32  Marauder, Liberator  
  98  12:37  Liberator  
  98  12:41  Marine  
  98  12:42  Marine x5  
  104  12:45  Widow Mine  
  104  12:51  SCV  
  110  12:52  Widow Mine  
  110  12:54  Ghost  
  110  12:56  Marine x2  
  119  12:59  Marauder  
  119  13:04  Marauder  
  123  13:08  Marine x2  
  123  13:11  Refinery  
  125  13:15  Marine x3  
  125  13:16  Marine  
  128  13:20  Liberator  
  128  13:21  Marauder  
  128  13:22  Ghost  
  128  13:27  Marine  
  128  13:28  Marauder, Marine  
  128  13:31  SCV x2  
  128  13:33  Supply Depot  
  134  13:41  Marine x2  
  139  13:42  Marauder  
  141  13:54  SCV x2, Marine x2  
  141  13:55  Marauder x2  
  149  13:56  Marine x2  
  149  14:01  Widow Mine  
  149  14:02  Widow Mine  
  155  14:03  Marauder  
Show
View Real Time Build Order
Export as new Build Order

ShoWTimE Protoss 

Build Orders: 1 Gate Expand, Oracle Opening 

Get SALT Encoding   

  12  0:00  Probe  
  13  0:12  Probe  
  14  0:17  Pylon  
  14  0:25  Probe (Chrono Boost)  
  15  0:37  Probe (Chrono Boost)  
  15  0:38  Gateway  
  16  0:44  Probe (Chrono Boost)  
  16  0:47  Assimilator  
  17  0:51  Probe  
  18  1:03  Probe  
  19  1:15  Probe  
  20  1:25  Nexus  
  20  1:34  Cybernetics Core  
  20  1:36  Probe  
  21  1:42  Assimilator  
  21  1:49  Probe  
  21  1:52  Pylon  
  22  2:01  Probe  
  23  2:09  Adept (Chrono Boost)  
  23  2:13  Probe  
  26  2:17  Stargate  
  26  2:25  Probe  
  26  2:27  Warp Gate  
  27  2:32  Adept  
  29  2:38  Probe (Chrono Boost)  
  29  2:43  Probe (Chrono Boost)  
  31  2:47  Probe (Chrono Boost)  
  33  2:51  Probe (Chrono Boost)  
  33  2:52  Probe (Chrono Boost)  
  34  3:01  Adept, Shield Battery  
  34  3:02  Probe  
  34  3:04  Probe  
  34  3:05  Oracle (Chrono Boost)  
  38  3:12  Pylon  
  41  3:14  Probe  
  41  3:17  Probe  
  43  3:25  Gateway  
  43  3:29  Probe  
  43  3:30  Probe  
  43  3:32  Oracle (Chrono Boost)  
  45  3:41  Probe  
  49  3:42  Probe  
  48  3:56  Probe  
  48  3:57  Probe  
  48  3:59  Pylon  
  48  4:01  Gateway  
  48  4:02  Phoenix (Chrono Boost)  
  52  4:08  Probe  
  53  4:10  Probe, Assimilator  
  54  4:20  Probe, Phoenix (Chrono Boost)  
  57  4:25  Probe  
  58  4:32  Probe  
  58  4:36  Nexus  
  58  4:38  Pylon  
  57  4:43  Forge  
  57  4:45  Twilight Council  
  57  4:48  Phoenix  
  57  4:51  Probe  
  57  4:52  Probe  
  61  4:59  Pylon  
  61  5:02  Protoss Ground Armor Level 1 (Chrono Boost)  
  61  5:03  Probe  
  61  5:04  Probe  
  63  5:08  Charge (Chrono Boost)  
  63  5:14  Gateway  
  63  5:15  Probe  
  63  5:16  Gateway  
  63  5:18  Probe  
  65  5:23  Gateway  
  65  5:27  Probe, Phoenix  
  68  5:32  Probe  
  69  5:40  Probe, Gateway  
  70  5:43  Gateway  
  70  5:46  Shield Battery  
  70  5:47  Sentry  
  70  5:48  Sentry  
  68  5:52  Probe x3  
  68  5:55  Pylon  
  68  5:56  Adept  
  73  6:02  Phoenix  
  75  6:07  Pylon  
  75  6:11  Zealot x3  
  75  6:15  Zealot  
  83  6:18  Zealot x2  
  83  6:22  Pylon  
  87  6:28  Phoenix  
  87  6:32  Zealot x3  
  85  6:47  Protoss Ground Weapons Level 1 (Chrono Boost)  
  85  6:50  Zealot x3  
  85  6:53  Phoenix  
  93  6:58  Probe x3  
  93  6:59  Pylon  
  96  7:07  Protoss Air Weapons Level 1 (Chrono Boost)  
  96  7:08  Pylon  
  96  7:11  Pylon  
  96  7:12  Zealot x4  
  104  7:18  Zealot x2, Phoenix  
  110  7:24  Zealot  
  110  7:26  Pylon  
  108  7:36  Zealot  
  108  7:37  Zealot x4  
  114  7:43  Phoenix  
  120  7:47  Pylon  
  120  7:54  Zealot x3  
  126  8:02  Pylon  
  126  8:03  Pylon  
  126  8:05  Templar Archives  
  126  8:07  Zealot x5  
  126  8:08  Phoenix  
  138  8:15  Pylon  
  138  8:16  Protoss Ground Armor Level 2 (Chrono Boost)  
  138  8:21  Zealot x3  
  144  8:31  Zealot x4  
  144  8:32  Zealot  
  144  8:33  Phoenix  
  126  8:55  Zealot x8  
  124  8:58  Phoenix  
  106  9:19  Zealot x8  
  106  9:23  Phoenix (Chrono Boost)  
  108  9:42  High Templar x2  
  108  9:43  Zealot x6, Phoenix (Chrono Boost)  
  126  9:56  Archon  
  126  10:04  Zealot x6  
  130  10:19  Zealot x2  
  106  10:22  Phoenix  
  100  10:29  Zealot x6  
  100  10:44  Zealot x2  
  100  10:47  Phoenix  
  102  11:00  Nexus, High Templar x2  
  102  11:01  Zealot x4  
  114  11:07  Zealot x2  
  118  11:12  Phoenix  
  118  11:13  Archon  
  118  11:14  Pylon  
  120  11:26  Zealot x5  
  130  11:34  Zealot x2  
  130  11:35  Zealot  
  130  11:37  Phoenix  
  124  11:50  Zealot x4  
  94  12:02  Phoenix  
  94  12:03  Zealot x4  
  86  12:17  High Templar  
  86  12:18  Zealot x2, High Templar  
  86  12:21  Zealot  
  88  12:30  Archon  
  88  12:36  High Templar  
  84  12:37  Zealot x3, High Templar  
  84  12:42  Zealot x3, Archon  
  98  12:59  Zealot x3  
  98  13:02  Zealot  
  98  13:03  Zealot x2  
  110  13:16  Zealot x2  
  114  13:20  Zealot x3  
  116  13:30  Robotics Facility  
  116  13:34  Zealot x3  
  118  13:38  Zealot x2, Assimilator  
  122  13:41  Sentry  
  122  13:42  Zealot x2, Assimilator  
  128  13:55  Stalker x2  
  128  13:56  Stalker  
  134  14:06  Stalker  
  136  14:12  Zealot x3  
  136  14:14  Zealot  
  134  14:22  Zealot x3  
Tags
 
Add a new tag
Caveats
  • Supply blocks, unpowered buildings, or Contaminate may cause inaccurate times.
  • Supply counts are checked every 10 seconds.